 Dungeon Crawl Stone Soup version 0.18-a0-1293-g5a2c81a (webtiles) character file.

3208 dvd the Quickloader (level 9, -3/72 HPs)
             Began as a Minotaur Hunter on Feb 10, 2016.
             Was a Believer of Okawaru.
             Slain by an orc knight
             ... wielding a +0 glaive
              (8 damage)
             ... in a bailey.
             The game lasted 00:28:40 (7940 turns).

dvd the Quickloader (Minotaur Hunter)               Turns: 7940, Time: 00:28:40

Health: -3/72      AC: 15    Str: 19      XL:     9   Next: 65%
Magic:  6/8        EV: 12    Int:  8      God:    Okawaru [**....]
Gold:   913        SH: 10    Dex: 11 (12) Spells: 0 memorised, 8 levels left

rFire  . . .     SeeInvis .     b - +2 hand axe (freeze)
rCold  . . .     Gourm    .     L - +0 scale mail
rNeg   . . .     Faith    .     m - +0 shield {AC+3}
rPois  .         Spirit   .     (helmet restricted)
rElec  .         Dismiss  .     R - +2 cloak
rCorr  .         Reflect  .     (no gloves)
SustAt +         Harm     .     (no boots)
MR     .....                    Q - amulet of rage
Stlth  ++........               (no ring)
                                u - ring of sustain attributes

@: exhausted, heroism, very slightly contaminated, slowed, very slow, not
resistant to hostile enchantments, unstealthy
A: retaliatory headbutt, horns 2
a: Heroism, Renounce Religion, Evoke Berserk Rage


You were in a bailey.
You worshipped Okawaru.
Okawaru was pleased with you.
You were not hungry.

You visited 2 branches of the dungeon, and saw 8 of its levels.
You also visited: Bailey.

You collected 913 gold pieces.

Inventory:

Hand Weapons
 a - a +2 hand crossbow
 b - a +2 hand axe of freezing (weapon)
 c - a +0 hunting sling
 d - a +3 flail
 e - a +1 halberd of holy wrath
 f - a +0 shortbow
 g - a +2 trident of freezing
 v - a +2 flail of holy wrath
Missiles
 h - 243 stones
 i - 23 sling bullets of flame
 k - 42 sling bullets
 t - 12 tomahawks (quivered)
 y - 78 bolts
 B - 3 throwing nets
 C - 59 arrows
Armour
 m - a +0 shield of protection (worn)
 x - a +0 chain mail
 L - a +0 scale mail (worn)
 O - a +0 plate armour
 R - a +2 cloak (worn)
Jewellery
 u - a ring of sustain attributes (left hand)
 Q - an amulet of rage (around neck)
Wands
 M - a wand of random effects (18/48)
Scrolls
 l - 6 scrolls of identify
 p - a scroll of blinking
 w - a scroll of magic mapping
 A - 7 scrolls of remove curse
Potions
 q - a potion of might
 P - a potion of magic
Comestibles
 n - 7 meat rations
 K - 4 bread rations


   Skills:
 + Level 4.5(9.5) Fighting
 + Level 2.5(7.8) Axes
 + Level 1.3(7.1) Maces & Flails
 + Level 0.8(6.8) Polearms
 + Level 6.1(11.1) Slings
 + Level 2.6(7.6) Bows
 + Level 9.7(14.7) Crossbows
 + Level 0.4(8.4) Throwing
 + Level 7.2(12.2) Armour
 + Level 4.9(9.9) Dodging
 + Level 2.0(7.0) Stealth
 + Level 1.0(6.0) Shields
 + Level 0.4 Invocations


You had 8 spell levels left.
You didn't know any spells.

Dungeon Overview and Level Annotations

Branches:
Dungeon (7/15)             Temple (1/1) D:5

Altars:
Cheibriados
Dithmenos
Elyvilon
Fedhas
Gozag
Kikubaaqudgha
Nemelex Xobeh
Okawaru
Ru
Sif Muna
Trog
Vehumet
Zin
The Shining One


Innate Abilities, Weirdness & Mutations

You reflexively headbutt those who attack you in melee.
You have a pair of horns on your head.


Message History

Drink which item? (? for menu, Esc to quit)
Okay, then.
You hit the orc knight but do no damage.
The orc knight is severely wounded.
You hit the orc warrior but do no damage.
The orc warrior is lightly wounded.
The orc warrior misses you. You furiously retaliate!
You headbutt the orc warrior.
The orc knight roars a battlecry!
The orc warrior goes into a battle-frenzy!
You block the orc knight's attack.
You hit the orc knight but do no damage.
Your headbutt misses the orc knight.
The orc knight is severely wounded.
You hit the orc warrior. You freeze the orc warrior.
The orc warrior is heavily wounded.
The orc warrior hits you with a halberd!!
* * * LOW HITPOINT WARNING * * *
The orc knight hits you with a glaive!
You die...

### ###
####∩###########.##
.##...##.....##...#
..#...#..≈≈≈..#..(#
≈.......≈≈)≈≈.#.)!#
≈.......≈)).≈.'o@.#
≈.......≈≈.≈≈.#.o/#
..#...#..≈≈≈..#..$#
.##.∩.##...[.##..[#
####∩###########.##
### ###


You could see an orc knight and an orc warrior (frenzied).

Vanquished Creatures
  2 orc knights (Bailey)
  The ghost of Tomstefer the Conjurer, an amateur DsWz of Vehumet (D:4)
  A hippogriff (D:7)
  Edmund (D:6)
  A soldier ant (D:6)
  A sky beast (D:5)
  9 orc warriors
  2 ogres (D:4)
  A centaur (D:5)
  A scorpion (D:7)
  4 wights (D:6)
  A giant frog zombie (D:5)
  A crimson imp (D:5)
  A hound (D:6)
  A quasit (D:6)
  An orc priest (D:7)
  Terence (D:3)
  3 worker ants
  8 gnolls
  6 adders
  An adder skeleton (D:6)
  A worm (D:3)
  3 giant geckos
  18 orcs
  2 giant cockroaches
  9 goblins
  4 hobgoblins
  5 jackals
  2 ball pythons
  5 bats
  A giant cockroach zombie (D:6)
  4 giant newts
  A jackal zombie (D:7)
  A kobold (D:2)
  9 rats
113 creatures vanquished.

Vanquished Creatures (others)
  A human (D:5)
  A giant gecko (D:7)
2 creatures vanquished.

Grand Total: 115 creatures vanquished

Notes
Turn   | Place    | Note
--------------------------------------------------------------
     0 | D:1      | dvd the Minotaur Hunter began the quest for the Orb.
     0 | D:1      | Reached XP level 1. HP: 18/18 MP: 0/0
   247 | D:1      | Reached XP level 2. HP: 25/25 MP: 1/1
   248 | D:1      | Reached skill level 5 in Crossbows
   966 | D:2      | Reached XP level 3. HP: 28/30 MP: 2/2
  1649 | D:3      | Noticed Terence
  1663 | D:3      | Killed Terence
  1663 | D:3      | Reached XP level 4. HP: 20/37 MP: 3/3
  1707 | D:3      | Reached skill level 1 in Armour
  1878 | D:3      | Reached skill level 6 in Crossbows
  1888 | D:3      | Reached skill level 1 in Slings
  2004 | D:3      | Found an opulent altar of Gozag.
  2121 | D:3      | Found a sacrificial altar of Ru.
  2127 | D:3      | Found a blossoming altar of Fedhas.
  2127 | D:3      | Found a white marble altar of Elyvilon.
  2303 | D:4      | Reached XP level 5. HP: 29/42 MP: 4/4
  2435 | D:4      | Noticed an ogre
  2440 | D:4      | Killed an ogre
  2537 | D:4      | Noticed Tomstefer's ghost (amateur DsWz)
  2550 | D:4      | Killed Tomstefer's ghost
  2550 | D:4      | Reached XP level 6. HP: 7/51 MP: 5/5
  3012 | D:4      | Reached skill level 1 in Axes
  3012 | D:4      | Reached skill level 7 in Crossbows
  3163 | D:4      | Reached XP level 7. HP: 49/57 MP: 6/6
  3310 | D:5      | Entered Level 5 of the Dungeon
  3449 | D:5      | Found a glowing golden altar of the Shining One.
  3500 | D:5      | Reached skill level 1 in Stealth
  4019 | D:5      | Found an ancient bone altar of Kikubaaqudgha.
  4022 | D:5      | Noticed a human
  4023 | D:5      | Killed a human
  4084 | D:5      | Reached skill level 1 in Maces & Flails
  4371 | D:5      | HP: 2/58 [orc warrior/trident (15)]
  4373 | D:5      | Reached skill level 5 in Armour
  4726 | D:5      | Found a staircase to the Ecumenical Temple.
  4754 | Temple   | Entered the Ecumenical Temple
  4785 | Temple   | Became a worshipper of Warmaster Okawaru
  5323 | D:6      | Reached skill level 8 in Crossbows
  5323 | D:6      | Reached XP level 8. HP: 39/66 MP: 7/7
  5612 | D:6      | Noticed Edmund
  5626 | D:6      | Killed Edmund
  5626 | D:6      | Reached * piety under Okawaru
  6376 | D:7      | Reached skill level 9 in Crossbows
  6576 | D:7      | Found a flagged portal.
  6618 | Bailey   | Entered a bailey
  6618 | Bailey   | Noticed an orc knight
  6618 | Bailey   | Noticed an orc knight
  6672 | Bailey   | Killed an orc knight
  6672 | Bailey   | Reached ** piety under Okawaru
  6672 | Bailey   | Reached XP level 9. HP: 72/72 MP: 8/8
  6740 | Bailey   | Killed an orc knight
  6740 | Bailey   | Reached skill level 5 in Slings
  7290 | Bailey   | Reached skill level 1 in Bows
  7847 | Bailey   | Identified a scroll of acquirement
  7919 | Bailey   | Noticed an orc knight
  7932 | Bailey   | Reached skill level 1 in Shields
  7940 | Bailey   | Slain by an orc knight

Vault maps used:
D:1:      minmay_arrival_pointy
D:2:      first_bread
D:3:      kennysheep_the_goblin_king, minitemple, grunt_gozag_breadcrumbs,
          uniq_terence
D:5:      lemuel_round_altar, minmay_temple_entry_glassed_door,
          tgw_kikubaaqudgha
D:6:      uniq_edmund
D:7:      nicolae_ashenzari_panopticon, xom_confusion_cloud,
          makhleb_altar_promises_db, enter_bailey_8, serial_shops, shop
Temple:   circular_temple_12
Bailey:   bailey_polearm_4, bailey

Action                   |  1- 3 |  4- 6 |  7- 9 || total
-------------------------+-------+-------+-------++-------
Melee: Hand axe          |    15 |    11 |    87 ||   113
       Flail             |     8 |     8 |    12 ||    28
       Halberd           |       |     5 |    15 ||    20
       Hand crossbow     |       |       |     2 ||     2
       Trident           |       |       |    10 ||    10
 Fire: Hand crossbow     |    51 |    41 |   120 ||   212
       Hunting sling     |     8 |    17 |   111 ||   136
       Shortbow          |       |       |    43 ||    43
Throw: Tomahawk          |     2 |       |     2 ||     4
Invok: Heroism           |       |       |     5 ||     5
 Abil: Evoke Berserk Rag |       |       |     3 ||     3
  Use: Potion            |       |       |     9 ||     9
       Scroll            |       |       |    15 ||    15
  Eat: Chunk             |     2 |     3 |    11 ||    16
       Beef jerky        |       |     1 |     2 ||     3
       Pizza             |       |       |     1 ||     1
       Bread ration      |       |       |     1 ||     1
